Unix NetHack Version 5.0.0-0 post-release - last build Jun 10 2026 00:39:30 (3ee93aec679c4c4259841fe613dc97188e26a321,branch:main).

Game began 2026-06-16 09:56:29, ended 2026-06-16 10:06:05.

GdeVolpiano, neutral male human Archeologist

                                              -----
                                              ..@%.
                                              -----

GdeVolpiano the Field Worker  St:17 Dx:7 Co:12 In:16 Wi:14 Ch:10  Neutral
Dlvl:5  $:62 HP:0(22) Pw:13(13) AC:9  Xp:3 T:1431 

Latest messages:
 (For instructions type a '?')
 You swap places with Indy.
 You descend the stairs.
 The dwarf swings her pick-axe.
 The dwarf hits!
 The dart hits the dwarf.
 You hit the dwarf!
 The dart hits the dwarf.
 You kill the dwarf!
 You hear some noises.
 You are hit by a dart.
 In what direction?
 The dart misses.
 In what direction?
 The dart hits it.
 You hear some noises in the distance.
 You hear some noises.
 It is missed.
 You are almost hit by a dart.
 y - a dart (at the ready) (17 in total).
 E - a dart.
 F - a hooded cloak.
 You are almost hit by a dart.
 You swap places with Indy.
 Indy picks up a dart.
 You climb up the stairs.
 What do you want to drop? [$a-km-tvx-zABD-F or ?*]
 You drop a hooded cloak.
 Indy drops a dart.
 y - a dart (at the ready) (18 in total).
 You see here a hooded cloak.
 You descend the stairs.
 Indy eats a dwarf corpse.
 E - a dart (2 in total).
 You hear a nearby zap.
 The wand hits it!
 The wand hits Indy!
 You stop.  Indy is in the way!
 You hear a nearby zap.
 The wand hits Indy!
 Indy is killed!
 The wand hits you!
 In what direction?
 The dart misses.
 You hear a nearby zap.
 The wand hits you!
 You die...
 Do you want your possessions identified? [ynq] (y)
 Do you want to see your attributes? [ynq] (y)
 Do you want an account of creatures vanquished? [ynaq] (y)

Inventory:
 Coins    ('$')
  $ - 62 gold pieces
 Weapons  (')')
  y - 17 +0 darts (at the ready)
  z - 6 cursed +0 darts
  E - 2 cursed -1 darts
  a - a +2 bullwhip (alternate weapon; not wielded)
 Armor    ('[')
  c - a blessed +0 fedora (being worn)
  b - an uncursed +0 leather jacket (being worn)
 Comestibles  ('%')
  d - 5 uncursed food rations
  D - an uncursed lichen corpse
 Scrolls  ('?')
  o - an uncursed scroll of amnesia
  q - a cursed scroll of amnesia
  s - an uncursed scroll of fire
  A - an uncursed scroll of light
  v - a cursed scroll of taming
 Spellbooks  ('+')
  t - an uncursed spellbook of polymorph
 Potions  ('!')
  j - a blessed potion of extra healing
  k - an uncursed potion of extra healing
  x - an uncursed potion of speed
  r - an uncursed potion of water
 Rings    ('=')
  m - an uncursed ring of polymorph control
 Wands    ('/')
  n - a wand of striking (0:4)
 Tools    ('(')
  h - an empty uncursed sack
  i - an uncursed oil lamp
  e - a +0 pick-axe (weapon in right hand)
  f - a tinning kit (0:99)
 Gems/Stones  ('*')
  p - 2 cursed opals
  B - an uncursed worthless piece of blue glass
  g - an uncursed touchstone

GdeVolpiano the Archeologist's attributes:

Background:
 You were a Field Worker, a level 3 male human Archeologist.
 You were neutral, nominally on a mission for Camaxtli
 who was opposed by Quetzalcoatl (lawful) and Huhetotl (chaotic).
 You were right-handed.
 You were in the Gnomish Mines, on level 5.
 You entered the dungeon 1431 turns ago.
 There was a new moon in effect when your adventure ended.
 You had 77 experience points, 3 more were needed to attain level 4.

Basics:
 You had 0 out of 22 hit points.
 You had all 13 energy points (spell power).
 Your armor class was 9.
 Your wallet contained 62 zorkmids.
 Autopickup was on for '$?!/="+' plus thrown, with exceptions.

Final Characteristics:
 Your strength was 17 (limit:18/100).
 Your dexterity was 7 (limit:18).
 Your constitution was 12 (limit:18).
 Your intelligence was 16 (limit:18).
 Your wisdom was 14 (limit:18).
 Your charisma was 10 (limit:18).

Final Status:
 You weren't hungry.
 You were unencumbered.
 You were wielding a pick-axe.
 You had basic skill with pick-axe.

Final Attributes:
 You were devoutly aligned.
 You had automatic searching.
 You were lucky.
 You are dead.

Miscellaneous:
 You didn't encounter any bones levels.
 Total elapsed playing time was 9 minutes and 34 seconds.

Major events:
 Turn
    1: GdeVolpiano the neutral male human Archeologist entered the dungeon
  834: attained the rank of Field Worker (level 3)
 1180: entered the Gnomish Mines
 1431: killed by a wand

Spells:
 Name                 Level Category     Fail Retention
 polymorph              6   matter       100%  76%-100%

Skills:
 Fighting Skills
   bare handed combat [Unskilled]
   two weapon combat  [Unskilled]
   riding             [Unskilled]
 Weapon Skills
   dagger             [Unskilled]
   knife              [Unskilled]
   pick-axe           [Basic]
   short sword        [Unskilled]
   saber              [Unskilled]
   club               [Unskilled]
   quarterstaff       [Unskilled]
   sling              [Unskilled]
   dart               [Unskilled]
   boomerang          [Unskilled]
   whip               [Basic]
   unicorn horn       [Unskilled]
 Spellcasting Skills
   attack spells      [Unskilled]
   healing spells     [Unskilled]
   divination spells  [Unskilled]
   matter spells      [Unskilled]

Voluntary challenges:
 Character rerolling was not enabled.
 You were an atheist.
 You never genocided any monsters.
 You never polymorphed an object.
 You never changed form.
 You used no wishes.
Achievements:
 You attained the rank of Field Worker.
 You entered the Gnomish Mines.

 The Dungeons of Doom: levels 1 to 5
    Level 1:
    Level 2:
    Level 3:
    Level 4:
       Stairs down to The Gnomish Mines.
    Level 5:
 The Gnomish Mines:
    Level 5: <- You were here.
       Final resting place for
          you, killed by a wand.


Vanquished creatures:
  a little dog
  a floating eye
  a dwarf
  a giant bat
  a gas spore
  a hobbit
  5 giant rats
  a brown mold
  3 gnomes
  5 jackals
  a fox
  a kobold
  3 goblins
  a grid bug
  5 lichens
31 creatures vanquished.

No species were genocided or became extinct.

Game over:
                       ----------
                      /          \
                     /    REST    \
                    /      IN      \
                   /     PEACE      \
                  /                  \
                  |   GdeVolpiano    |
                  |      62 Au       |
                  | killed by a wand |
                  |                  |
                  |                  |
                  |                  |
                  |       2026       |
                 *|     *  *  *      | *
        _________)/\\_//(\/(/\)/\//\/|_)_______

Goodbye GdeVolpiano the Archeologist...

You died in The Gnomish Mines on dungeon level 5 with 564 points,
and 62 pieces of gold, after 1431 moves.
You were level 3 with a maximum of 22 hit points when you died.

